Map: Orbital Shipyard

Players

Kelazhur - Winner!

  • Race: Terran Terran
  • League: Master

Petraeus

  • Race: Zerg Zerg
  • League: Grandmaster

VOD

Have the link to the VOD?

Description

Time

  • Played on: Dec. 20, 2015, 2:17 a.m.
  • Length: 12:12
Show
View Real Time Build Order
Export as new Build Order

Kelazhur Terran - Winner!

Build Orders: MMM Bio 

Get SALT Encoding   

  12  0:01  SCV  
  13  0:14  SCV  
  13  0:18  Supply Depot  
  14  0:26  SCV  
  15  0:41  Barracks  
  15  0:45  Refinery  
  15  0:57  Barracks  
  15  1:00  SCV  
  16  1:13  SCV  
  17  1:28  Orbital Command  
  17  1:29  Reaper  
  18  1:41  Supply Depot  
  18  1:42  Bunker  
  18  1:47  Reaper  
  19  1:54  SCV  
  20  2:06  SCV  
  20  2:07  Reaper  
  22  2:18  SCV  
  22  2:26  Reaper  
  23  2:30  SCV  
  24  2:40  Command Center  
  24  2:44  SCV  
  25  2:46  Reaper  
  25  2:48  Refinery  
  26  2:56  SCV  
  27  3:08  SCV  
  27  3:11  Supply Depot  
  28  3:23  SCV  
  28  3:25  Factory  
  28  3:35  SCV  
  28  3:41  Bunker  
  29  3:47  SCV  
  30  3:49  Command Center  
  30  3:56  Orbital Command  
  30  3:59  SCV  
  31  4:11  SCV  
  31  4:14  Factory Reactor  
  31  4:15  Starport  
  32  4:22  SCV  
  32  4:23  SCV  
  34  4:34  SCV, Barracks Tech Lab  
  35  4:38  SCV  
  35  4:41  Liberator  
  35  4:45  Barracks Reactor  
  36  4:47  SCV  
  36  4:50  SCV  
  36  4:51  Barracks  
  36  4:52  Barracks  
  38  4:53  Hellion x2  
  38  4:59  SCV  
  46  5:02  Orbital Command  
  46  5:03  SCV  
  46  5:06  Stimpack  
  47  5:09  Marauder  
  47  5:11  SCV  
  50  5:16  SCV  
  50  5:18  Hellion  
  53  5:23  SCV, Hellion  
  56  5:33  SCV  
  57  5:39  Barracks Reactor x2  
  57  5:40  Marine x2  
  57  5:41  Marauder  
  57  5:42  Orbital Command  
  62  5:47  Starport Reactor  
  60  5:52  SCV x2  
  60  5:53  Refinery x2, Engineering Bay  
  60  5:55  Engineering Bay  
  62  6:01  Marine x2  
  62  6:03  Barracks, Widow Mine x2  
  68  6:05  SCV  
  68  6:09  Supply Depot x2  
  68  6:10  Supply Depot  
  69  6:20  Terran Infantry Weapons Level 1  
  69  6:29  Refinery  
  69  6:30  SCV x3, Marine x5  
  77  6:35  Medivac  
  77  6:38  Terran Infantry Armor Level 1  
  79  6:42  Missile Turret  
  79  6:43  SCV x3  
  79  6:44  Missile Turret  
  79  6:46  Marine  
  80  6:48  Medivac  
  80  6:53  Missile Turret  
  82  6:55  SCV x2  
  82  6:57  Supply Depot, Marine  
  82  6:58  Supply Depot  
  82  7:00  Barracks Reactor  
  85  7:02  Marine x2  
  85  7:05  SCV, Missile Turret  
  85  7:07  SCV  
  89  7:11  SCV, Marine  
  89  7:15  Combat Shields, Marine x2  
  92  7:18  Marine  
  92  7:19  Widow Mine x2  
  92  7:22  Supply Depot  
  97  7:24  Supply Depot  
  97  7:27  Marine  
  97  7:28  SCV x2  
  97  7:35  SCV, Armory  
  98  7:38  Marine x6  
  98  7:40  SCV  
  98  7:42  Supply Depot  
  105  7:47  SCV x2, Supply Depot  
  107  7:53  SCV, Medivac x2  
  112  7:59  SCV  
  112  8:00  SCV  
  112  8:01  Marine x5  
  112  8:02  Marine x2  
  112  8:05  Supply Depot, Marine  
  120  8:12  SCV x2  
  121  8:16  Armory  
  121  8:19  Supply Depot  
  121  8:23  Medivac x2  
  125  8:28  Marauder, Marine  
  122  8:36  Marine  
  122  8:40  SCV  
  109  8:52  SCV x2  
  109  8:53  Supply Depot, Medivac  
  109  8:54  Marine x9  
  116  8:58  Medivac  
  115  9:03  SCV  
  115  9:04  SCV  
  115  9:06  SCV, Barracks  
  115  9:07  Barracks  
  115  9:08  Barracks  
  115  9:09  Terran Infantry Weapons Level 2  
  118  9:10  Factory Tech Lab  
  118  9:12  Marine x3  
  118  9:13  Marauder  
  118  9:15  Terran Infantry Armor Level 2  
  123  9:19  Marine x2  
  123  9:20  Marine x3  
  123  9:23  Medivac  
  130  9:29  Command Center  
  130  9:30  Marine x3  
  123  9:39  Siege Tank  
  123  9:47  Marauder, Marine  
  110  10:02  Marine x7  
  110  10:04  Medivac x2  
  110  10:05  Marine  
  119  10:07  Barracks Reactor, Barracks Tech Lab  
  119  10:08  Barracks Reactor  
  119  10:09  Refinery, Marauder  
  119  10:11  Siege Tank  
  124  10:17  Concussive Shells  
  124  10:20  Marine  
  125  10:24  Marine  
  125  10:25  Marine x7  
  133  10:30  Marauder  
  133  10:34  Medivac x2  
  139  10:37  Marine  
  140  10:43  Marauder  
  140  10:47  Marine x11  
  153  10:51  Marine  
  153  10:52  Supply Depot  
  153  10:53  Supply Depot  
  153  10:55  Marine  
  155  11:04  Marine  
  155  11:08  Missile Turret  
  156  11:13  Marauder, Marine x12  
  156  11:18  Siege Tank  
  173  11:22  Marauder  
  175  11:30  Marine  
  175  11:31  Ghost Academy  
  174  11:34  Marauder  
  172  11:44  Marine x6  
  172  11:45  Marine  
  172  11:46  Ghost Academy  
Show
View Real Time Build Order
Export as new Build Order

Petraeus Zerg 

Build Orders: Hatch First 

Get SALT Encoding   

  12  0:01  Drone  
  13  0:13  Overlord  
  13  0:16  Drone  
  14  0:31  Drone x2  
  14  0:35  Drone  
  17  0:51  Hatchery  
  17  0:54  Drone  
  17  0:57  Drone  
  18  1:12  Spawning Pool  
  18  1:15  Drone, Extractor  
  18  1:18  Drone  
  18  1:29  Drone  
  19  1:39  Overlord  
  19  1:50  Drone  
  20  1:58  Queen  
  20  2:00  Zergling x2  
  23  2:02  Queen  
  23  2:03  Zergling x2  
  26  2:13  Zergling x2  
  26  2:16  Metabolic Boost  
  26  2:24  Zergling x2  
  26  2:26  Drone  
  26  2:28  Roach Warren  
  26  2:31  Drone  
  25  2:41  Drone  
  25  2:48  Drone  
  26  3:08  Roach  
  26  3:09  Roach x2  
  26  3:11  Overlord  
  32  3:13  Drone  
  32  3:15  Roach  
  34  3:23  Drone  
  35  3:29  Queen  
  35  3:31  Zergling x4  
  35  3:33  Zergling x2  
  39  3:34  Drone  
  39  3:35  Drone  
  41  3:43  Drone  
  41  3:45  Drone x2  
  44  3:51  Overlord  
  44  3:59  Lair  
  44  4:02  Extractor  
  43  4:13  Drone x3  
  43  4:15  Zergling x4  
  43  4:16  Drone  
  43  4:17  Drone  
  50  4:18  Drone  
  50  4:19  Drone  
  52  4:30  Overlord  
  52  4:34  Extractor  
  52  4:35  Extractor  
  52  4:36  Drone  
  51  4:40  Drone  
  51  4:49  Drone x3  
  51  4:50  Drone x2  
  51  4:52  Drone  
  57  4:53  Drone  
  58  5:00  Drone, Spire  
  58  5:08  Zergling x4  
  60  5:17  Drone  
  60  5:21  Overlord  
  60  5:32  Overlord  
  60  5:33  Overlord  
  60  5:37  Hatchery  
  60  5:42  Drone x2  
  61  5:43  Drone x2  
  61  5:46  Overlord  
  61  5:47  Drone  
  61  5:49  Drone x2  
  67  5:50  Drone  
  67  6:02  Evolution Chamber  
  67  6:03  Evolution Chamber  
  64  6:12  Mutalisk x3  
  64  6:15  Mutalisk  
  73  6:27  Mutalisk x2  
  73  6:32  Drone x4  
  81  6:38  Zerg Flyer Weapons Level 1  
  77  6:43  Zerg Missile Weapons Level 1, Drone  
  77  6:44  Zerg Ground Armor Level 1  
  77  6:46  Drone  
  79  6:48  Drone  
  80  6:57  Drone  
  80  6:58  Drone x3  
  80  7:00  Drone  
  85  7:07  Drone  
  85  7:08  Glial Reconstitution  
  86  7:09  Drone  
  86  7:11  Drone  
  86  7:12  Drone  
  86  7:13  Drone  
  88  7:18  Pneumatized Carapace  
  88  7:25  Hatchery, Drone  
  88  7:27  Drone x2  
  88  7:28  Drone  
  91  7:33  Ravager  
  91  7:34  Ravager x2  
  91  7:35  Drone  
  91  7:36  Drone x2, Overlord  
  91  7:37  Overlord  
  97  7:40  Extractor x2  
  97  7:42  Drone x2  
  97  7:47  Overlord  
  97  7:48  Infestation Pit  
  96  7:51  Overlord x2  
  96  7:52  Overlord  
  96  7:56  Roach x2  
  96  7:58  Ravager  
  101  7:59  Roach  
  101  8:03  Drone  
  104  8:10  Roach x7  
  104  8:12  Overlord  
  118  8:15  Roach  
  118  8:16  Roach  
  120  8:20  Roach  
  119  8:33  Roach  
  119  8:34  Roach x6  
  126  8:36  Overseer  
  126  8:40  Roach x3  
  122  8:44  Roach  
  122  8:47  Queen  
  126  8:50  Hive, Drone  
  126  8:51  Drone x2  
  125  9:01  Corruptor x2  
  118  9:03  Drone  
  118  9:04  Drone x2  
  118  9:05  Drone  
  118  9:06  Drone x4  
  126  9:16  Corruptor  
  126  9:17  Corruptor  
  126  9:18  Roach x3  
  126  9:24  Ravager  
  137  9:34  Roach x7  
  151  9:40  Roach  
  142  9:47  Roach x2  
  142  9:48  Roach  
  142  9:50  Roach  
  142  9:54  Roach x5  
  152  10:05  Overlord x3  
  152  10:09  Ultralisk Cavern  
  152  10:12  Extractor  
  152  10:13  Extractor  
  152  10:14  Drone x3  
  150  10:18  Overlord x2  
  152  10:24  Drone  
  152  10:25  Drone x6  
  159  10:32  Zergling x4  
  159  10:33  Adrenal Glands  
  161  10:36  Queen  
  161  10:38  Queen  
  165  10:59  Overlord  
  165  11:01  Ultralisk x3  
  183  11:07  Hatchery  
  183  11:10  Overseer  
  182  11:11  Overlord  
  182  11:12  Overlord x2  
  182  11:20  Overlord x2  
  193  11:41  Zergling x10  
Tags
 
Add a new tag
Caveats
  • Supply blocks, unpowered buildings, or Contaminate may cause inaccurate times.
  • Supply counts are checked every 10 seconds.